 Dungeon Crawl Stone Soup version 0.27-a0-29-g2d0a2396b0 (webtiles) character file.

Game seed: 10061411148957567730

25 pkoi the Insei (level 2, -2/26 HPs)
             Began as a Draconian Monk on Jan 4, 2021.
             Slain by a worm (3 damage)
             ... on level 2 of the Dungeon.
             The game lasted 00:00:46 (1368 turns).

pkoi the Insei (Draconian Monk)                     Turns: 1368, Time: 00:00:47

Health: -2/26      AC:  4    Str: 13    XL:     2   Next: 86%
Magic:  2/2        EV: 13    Int: 16    God:
Gold:   53         SH:  0    Dex: 13    Spells: 1/1 levels left

rFire    . . .     SeeInvis .     - Unarmed
rCold    . . .     Faith    .   (no shield)
rNeg     . . .     Spirit   .   (armour unavailable)
rPois    .         Reflect  .   (helmet restricted)
rElec    .         Harm     .   (no cloak)
rCorr    .         Rampage  .   (no gloves)
Will     .....                  (no boots)
Stlth    ++........             (no amulet)
HPRegen  0.08/turn              e - +6 ring of intelligence
MPRegen  0.08/turn              (no ring)

@: no status effects
A: unfitting armour, cold-blooded, AC +4
a: no special abilities


You were on level 2 of the Dungeon.
You visited 1 branch of the dungeon, and saw 2 of its levels.

You collected 53 gold pieces.

Inventory:

Jewellery
 e - a +6 ring of intelligence (left hand)
 i - an uncursed ring of fire
Scrolls
 b - a scroll of identify {unknown}
 c - a scroll of amnesia {unknown}
 f - a scroll of teleportation {unknown}
 h - 2 scrolls of remove curse {unknown}
Potions
 a - a potion of curing {unknown}
 d - a potion of brilliance {unknown}
 g - 2 potions of lignification {unknown}


   Skills:
 - Level 3.2 Fighting
 - Level 2.6 Dodging
 - Level 1.7 Stealth
 + Level 4.1 Unarmed Combat


You had one spell level left.
You didn't know any spells.
Your spell library was empty.

Dungeon Overview and Level Annotations

Branches:
Dungeon (2/15)

Altars:


Innate Abilities, Weirdness & Mutations

Your plain brown scales are hard. (AC +4)
You cannot fit into any form of body armour.
You are cold-blooded and may be slowed by cold attacks.


Message History

You are too injured to fight recklessly!
You are too injured to fight recklessly!
You are too injured to fight recklessly!
You are too injured to fight recklessly!
You are too injured to fight recklessly!
You are too injured to fight recklessly!
You see here a stone.
You hit the worm.
The worm is heavily wounded.
The worm bites you!
* * * LOW HITPOINT WARNING * * *
You barely miss the worm.
The worm is moderately wounded.
You hit the worm.
The worm is severely wounded.
The worm bites you but does no damage.
You hit the worm but do no damage. You tail-slap the worm.
The worm is severely wounded.
The worm bites you.
You die...

####### ..
.# #.#####
.......
####
.......
...#
....B..
##.#####
####l?.....
#(....####
#.@wK......
#####....#
#.##r......
####.# #.#
...?... #.#
###.#
.......
#.###...#
.......
#...#.###
.......
###...#
####"##
#..## .#
##### #...#


You could see a worm, a quokka, a giant cockroach (asleep), a kobold and a
frilled lizard.

Vanquished Creatures
  A dart slug (D:1)
  A giant cockroach (D:1)
  4 goblins
  3 hobgoblins (D:1)
  3 jackals (D:2)
  2 bats (D:1)
  A frilled lizard (D:1)
  5 kobolds (D:1)
  A rat (D:1)
21 creatures vanquished.

Notes
Turn   | Place    | Note
-------+----------+-------------------------------------------
     0 | D:1      | pkoi the Draconian Monk began the quest for the Orb.
     0 | D:1      | Reached XP level 1. HP: 19/19 MP: 1/1
   331 | D:1      | Reached XP level 2. HP: 26/26 MP: 2/2
  1273 | D:2      | Reached skill level 4 in Unarmed Combat
  1365 | D:2      | HP: 1/26 [worm (12)]
  1368 | D:2      | Slain by a worm

Illustrated notes

Levels and vault maps discovered:
D:1:      wander_arrival_chamber, layout_basic, serial_forest,
          infiniplex_forest_clump_small, infiniplex_forest_lined_corner,
          infiniplex_forest_end_double, infiniplex_forest_end_2,
          infiniplex_forest_lined_room_2, infiniplex_forest_corner_1,
          infiniplex_forest_end_3, infiniplex_forest_end_2,
          infiniplex_forest_clump_diagonal, minmay_close_crescents
D:2:      layout_rooms, grunt_ashenzari_visionary
          [grunt_ashenzari_visionary_shoals, grunt_ashenzari_visionary_snake]

Skill      XL: |  1  2 |
---------------+-------+-----
Unarmed Combat | 4 |  4.1
Fighting       | |  3.2
Dodging        | |  2.6
Stealth        | |  1.7

Action                   || total
-------------------------++-------
Melee: Unarmed           ||    73
       Tailslap          ||     8
       Punch             ||     1
 Stab: Sleeping          ||     2
Armor: Skin              ||    11
Dodge: Dodged            ||    50

Table legend: (Time is in decaauts)
 A = Elapsed time spent in this place.
 B = Non-inter-level travel time spent in this place.
 C = Inter-level travel time spent in this place.
 D = Time resting spent in this place.
 E = Time spent auto-exploring this place.
 F = Levels seen in this place.
 G = Mean time per level.
                   A        B        C        D        E       F      G
               +--------+--------+--------+--------+--------+-----+--------+
         Total |   1360 |   1324 |     36 |      0 |   1163 |   2 |  680.0 |
       Dungeon |   1360 |   1324 |     36 |      0 |   1163 |   2 |  680.0 |
               +--------+--------+--------+--------+--------+-----+--------+

Top non-repeatable levels by time:
     D:1: 1264 daAuts
     D:2: 96 daAuts
